 Dungeon Crawl Stone Soup version 0.25-a0-635-g0c6c292ef3 (webtiles) character file.

Game seed: 4432477390811149293, levelgen mode: deterministic

4734 ipx the Cleaver (level 10, -2/60 HPs)
             Began as a Gargoyle Arcane Marksman on Mar 20, 2020.
             Was a Believer of Kikubaaqudgha.
             Slain by a slime creature (12 damage)
             ... on level 9 of the Dungeon.
             The game lasted 00:55:47 (3374 turns).

ipx the Cleaver (Gargoyle Arcane Marksman)          Turns: 3374, Time: 00:55:48

Health: -2/60      AC: 14    Str: 16    XL:     10   Next: 46%
Magic:  0/12       EV: 12    Int: 14    God:    Kikubaaqudgha [**....]
Gold:   430        SH:  0    Dex: 11    Spells: 2/11 levels left

rFire    . . .     SeeInvis .   a - +5 dire flail
rCold    . . .     Gourm    .   (shield currently unavailable)
rNeg     + . .     Faith    +   v - +0 troll leather armour
rPois    ∞         Spirit   +   e - +1 helmet
rElec    +         Reflect  .   j - scarf {Spirit}
rCorr    .         Harm     .   (no gloves)
MR       .....                  (no boots)
Stlth    +.........             J - amulet of faith
HPRegen  0.60/turn              r - ring of wizardry
MPRegen  0.13/turn              (no ring)

@: no status effects
A: negative energy resistance 1, electricity resistance, unbreathing,
petrification resistance, rot immunity, AC +7
a: Receive Corpses, Renounce Religion


You were on level 9 of the Dungeon.
You worshipped Kikubaaqudgha.
Kikubaaqudgha was pleased with you.
You were not hungry.

You visited 2 branches of the dungeon, and saw 10 of its levels.

You collected 430 gold pieces.

Inventory:

Hand Weapons
 a - a +5 dire flail (weapon)
 b - a +0 hand axe of venom
 w - a +0 hand crossbow
Missiles
 d - 80 bolts
 m - 22 poisoned darts (quivered)
Armour
 e - a +1 helmet (worn)
 g - a +0 cloak
 j - a scarf of spirit shield (worn)
 v - a +0 troll leather armour (worn)
Jewellery
 r - a ring of wizardry (left hand)
 F - an uncursed ring of fire
 J - an amulet of faith (around neck)
Wands
 c - a wand of iceblast (9)
 l - a wand of digging (5)
 y - a wand of disintegration (10)
 B - a wand of paralysis (3)
 C - a wand of flame (13)
Scrolls
 h - a scroll of random uselessness {unknown}
 i - 2 scrolls of magic mapping
 p - a scroll of amnesia {unknown}
Potions
 k - 2 potions of lignification
 o - a potion of ambrosia
 s - a potion of might {unknown}
 t - 3 potions of stabbing
 z - a potion of berserk rage {unknown}
 G - 4 potions of curing
 H - a potion of degeneration {unknown}
Comestibles
 f - 14 rations
 n - 2 chunks of flesh


   Skills:
 + Level 5.9 Fighting
 - Level 9.0(9.5) Axes
 * Level 5.3(8.3) Maces & Flails
 - Level 3.0 Crossbows
 - Level 5.0 Armour
 + Level 2.9 Dodging
 - Level 1.0 Spellcasting
 - Level 2.6 Hexes
 + Level 3.4 Necromancy
 - Level 3.0 Evocations


You had 2 spell levels left.
You knew the following spells:

 Your Spells              Type           Power        Failure   Level  Hunger
a - Animate Skeleton      Necr           N/A          3%          1    ##.....
c - Corona                Hex            #......      4%          1    ##.....
e - Vampiric Draining     Necr           ##........   9%          3    ####...
r - Corpse Rot            Necr/Air       N/A          10%         2    ###....
s - Slow                  Hex            #.......     6%          2    ###....

Your spell library contained the following spells:

 Spells                   Type           Power        Failure   Level  Hunger
 Pain                     Necr           ##..         3%          1    ##.....
 Foxfire                  Conj/Fire      #...         12%         1    ##.....
 Magic Dart               Conj           #...         12%         1    ##.....
 Searing Ray              Conj           #.....       19%         2    ###....
 Dazzling Flash           Conj/Hex       #.....       21%         3    ####...
 Inner Flame              Hex/Fire       #.......     21%         3    ####...
 Portal Projectile        Hex/Tloc       #.....       21%         3    ####...
 Conjure Flame            Conj/Fire      #.......     34%         3    ####...
 Cause Fear               Hex            #.........   38%         4    #####..
 Fulminant Prism          Conj/Hex       #.........   54%         4    #####..
 Leda's Liquefaction      Hex/Erth       #.........   54%         4    #####..
 Iskenderun's Mystic Bla  Conj/Tloc      #.......     73%         4    #####..
 Sticky Flame             Conj/Fire      #.......     73%         4    #####..
 Fireball                 Conj/Fire      #.........   96%         5    ######.


Dungeon Overview and Level Annotations

Branches:
Dungeon (9/15)             Temple (1/1) D:7
   Lair: D:8-11         Orc: D:9-12

Altars:
Ashenzari
Cheibriados
Dithmenos
Elyvilon
Fedhas
Gozag
Hepliaklqana
Kikubaaqudgha
Makhleb
Nemelex Xobeh
Qazlal
Ru
Sif Muna
Trog
Uskayaw
Vehumet
Wu Jian
Yredelemnul
Zin
The Shining One

Annotations:
D:3 Grinder
D:9 exclusion: orange crystal statue


Innate Abilities, Weirdness & Mutations

You are resistant to torment.
Your stone body is resilient. (AC +7)
You are immune to poison.
You resist negative energy. (rN+)
You are resistant to electric shocks. (rElec)
You can survive without breathing.
You are immune to petrification.
You are immune to rotting.


Message History

The slime creature is almost dead.
The slime creature barely misses you. The slime creature closely misses you.
You hit the slime creature.
The slime creature is almost dead.
The slime creature hits you but does no damage.
The slime creature closely misses you.
You puncture the slime creature!
You kill the slime creature!
Kikubaaqudgha accepts your kill.
The slime creature hits you but does no damage.
You hit the slime creature.
The slime creature is lightly wounded.
The slime creature hits you!
* * * LOW HITPOINT WARNING * * *
Unknown command.
You see here a wand of disintegration (8).
You see here a scroll of remove curse.
The slime creature hits you!
You die...
Kikubaaqudgha rasps: "You have failed me!
Welcome... oblivion!"

#.....<###...>..).
##......÷<.....#...
#...........######.
#...........# #..
#....[.....## #..
#..........#. .....
#.....(............
##...<....$........
#.@................
#.?J.............§#
#...........|......
#..............###.
#..../.....### #...
##...........# #
##.......##.# #
####....# ##...##
#.. ##


You could see a slime creature.

Vanquished Creatures
  A two-headed ogre (D:8)
  Maggie (D:9)
  A troll (D:7)
  2 slime creatures (D:9)
  5 yaks (D:9)
  An orc warrior (D:7)
  3 sky beasts
  A black bear (D:7)
  2 ice beasts (D:7)
  An ogre (D:4)
  A centaur (D:8)
  A bullfrog (D:7)
  A water moccasin zombie (D:6)
  3 scorpions
  7 wights
  A howler monkey (D:5)
  8 crimson imps
  A quasit (D:9)
  3 hounds
  A jelly (D:8)
  4 orc priests
  6 orc wizards
  An iguana (D:9)
  A worker ant (D:4)
  4 hound skeletons
  A howler monkey zombie (D:6)
  2 worker ant zombies
  6 adders
  4 gnolls (D:5)
  3 shadow imps
  An ooze (D:1)
  3 worms
  2 leopard geckos (D:3)
  28 orcs
  6 giant cockroaches
  4 goblins
  4 hobgoblins
  2 jackals (D:6)
  2 quokkas (D:4)
  3 bats
  7 frilled lizards
  A jackal zombie (D:8)
  6 kobolds
  5 rats
151 creatures vanquished.

Vanquished Creatures (collateral kills)
  2 bullfrogs (D:9)
  A scorpion (D:9)
  A crimson imp (D:9)
  A hound (D:9)
  3 orcs (D:9)
8 creatures vanquished.

Grand Total: 159 creatures vanquished

Notes
Turn   | Place    | Note
-------+----------+-------------------------------------------
     0 | D:1      | ipx the Gargoyle Arcane Marksman began the quest for the
                  | Orb.
     0 | D:1      | Reached XP level 1. HP: 12/12 MP: 2/2
   145 | D:1      | Reached XP level 2. HP: 11/16 MP: 3/3
   392 | D:2      | Reached skill level 1 in Axes
   417 | D:2      | Reached XP level 3. HP: 19/20 MP: 4/4
   678 | D:3      | Reached skill level 2 in Axes
   739 | D:3      | Reached XP level 4. HP: 21/25 MP: 5/5
   803 | D:3      | Learned a level 2 spell: Slow
   958 | D:3      | Reached skill level 3 in Axes
  1083 | D:4      | Noticed an ogre
  1104 | D:4      | Killed an ogre
  1104 | D:4      | Reached skill level 4 in Axes
  1104 | D:4      | Reached XP level 5. HP: 5/29 MP: 1/6
  1306 | D:4      | Found a hide-covered altar of Uskayaw.
  1331 | D:3      | Found a glowing silver altar of Zin.
  1331 | D:3      | Found a shattered altar of Ashenzari.
  1331 | D:3      | Found a sparkling altar of Nemelex Xobeh.
  1331 | D:3      | Found a basalt altar of Yredelemnul.
  1333 | D:3      | Noticed Grinder
  1335 | D:3      | Paralysed by Grinder for 6 turns
  1349 | D:4      | Reached XP level 6. HP: 21/34 MP: 4/7
  1379 | D:5      | Entered Level 5 of the Dungeon
  1439 | D:6      | Noticed a sky beast
  1457 | D:6      | Killed a sky beast
  1457 | D:6      | Reached skill level 5 in Axes
  1457 | D:6      | Reached skill level 1 in Evocations
  1491 | D:6      | Found a blossoming altar of Fedhas.
  1555 | D:6      | Reached XP level 7. HP: 16/38 MP: 3/8
  1604 | D:6      | Reached skill level 6 in Axes
  1672 | D:6      | Found a stormy altar of Qazlal.
  1834 | D:5      | Reached XP level 8. HP: 33/43 MP: 10/10
  1872 | D:5      | Reached skill level 7 in Axes
  2229 | D:7      | Noticed a troll
  2238 | D:7      | Killed a troll
  2238 | D:7      | Reached skill level 8 in Axes
  2238 | D:7      | Reached skill level 1 in Armour
  2363 | D:7      | Found a staircase to the Ecumenical Temple.
  2382 | Temple   | Entered the Ecumenical Temple
  2422 | Temple   | Became a worshipper of Kikubaaqudgha
  2515 | D:7      | Reached XP level 9. HP: 50/50 MP: 11/11
  2692 | D:8      | Noticed a two-headed ogre
  2693 | D:8      | Reached skill level 1 in Necromancy
  2723 | D:8      | Reached * piety under Kikubaaqudgha
  2723 | D:8      | Identified Kikubaaqudgha's Papyrus of Black Rituals
                  | (Kikubaaqudgha gifted it to you on level 8 of the Dungeon)
  2723 | D:8      | Received a gift from Kikubaaqudgha
  2723 | D:8      | Reached skill level 9 in Axes
  2729 | D:8      | Learned a level 1 spell: Animate Skeleton
  2736 | D:8      | Learned a level 2 spell: Corpse Rot
  2740 | D:8      | Learned a level 3 spell: Vampiric Draining
  2878 | D:8      | Reached skill level 1 in Maces & Flails
  2923 | D:8      | Killed a two-headed ogre
  3050 | D:9      | Reached skill level 5 in Fighting
  3086 | D:9      | Reached XP level 10. HP: 53/59 MP: 12/12
  3128 | D:9      | Found a hazy altar of Hepliaklqana.
  3216 | D:9      | Reached ** piety under Kikubaaqudgha
  3223 | D:9      | Noticed Maggie
  3236 | D:9      | Killed Maggie
  3259 | D:9      | Reached skill level 5 in Armour
  3285 | D:9      | Reached skill level 5 in Maces & Flails
  3313 | D:9      | Noticed an orange crystal statue
  3374 | D:9      | Slain by a slime creature

Levels and vault maps discovered:
D:1:      dpeg_arrival_castle, layout_basic
D:2:      layout_rooms, first_ration, minmay_misc_feat_nine_boxes,
          nicolae_underground_beach
D:3:      layout_basic, nicolae_overflow_hidden_temple, uniq_grinder
D:4:      layout_gridville, kennysheep_little_box,
          lemuel_coloured_pillars_altar, serial_shops, shop
D:5:      layout_basic, grunt_decor_resistance
D:6:      layout_basic, lemuel_crystal_altar, lemuel_doored_altar,
          kennysheep_generic_room_16
D:7:      layout_loops_ring, minmay_temple_entry_mini_moons
D:8:      layout_cave_pools
D:9:      layout_rooms, kennysheep_mini_moat, hangedman_pestilent_swarm,
          disabler_island, uniq_maggie
Temple:   minmay_temple_bridge_abc

Skill      XL: |  1  2  3  4  5  6  7  8  9 10 |
---------------+-------------------------------+-----
Crossbows      | 3 |  3.0
Axes           | 1 2 4 5 6 8 9 |  9.0
Evocations     | 1 3 |  3.0
Fighting       | 3 5 |  5.9
Armour         | 2 4 5 |  5.0
Necromancy     | 2 3 |  3.4
Maces & Flails | 3 5 |  5.3
Dodging        | 2 |  2.9
Spellcasting   | |  1.0
Hexes          | |  2.6

Action                   |  1- 3 |  4- 6 |  7- 9 | 10-12 || total
-------------------------+-------+-------+-------+-------++-------
Melee: Hand axe          |    69 |   106 |   258 |     8 ||   441
       Dire flail        |       |       |    36 |    63 ||    99
 Fire: Hand crossbow     |    46 |    18 |    15 |     6 ||    85
Throw: Dart              |     2 |    14 |    17 |     6 ||    39
 Cast: Corona            |     2 |     2 |     1 |       ||     5
       Slow              |       |     1 |       |       ||     1
       Animate Skeleton  |       |       |       |     4 ||     4
       Vampiric Draining |       |       |       |     1 ||     1
       Corpse Rot        |       |       |       |     1 ||     1
Evoke: Wand              |       |       |    31 |     3 ||    34
  Use: Scroll            |     3 |     5 |     8 |     1 ||    17
       Potion            |     1 |     3 |       |       ||     4
 Stab: Paralysed         |       |       |    23 |     6 ||    29
       Distracted        |       |       |       |     1 ||     1
  Eat: Chunk             |       |     1 |     4 |     2 ||     7
       Ration            |       |     1 |       |       ||     1
Armor: Robe              |    17 |       |       |       ||    17
       Ring mail         |     6 |    40 |    40 |       ||    86
       Leather armour    |     4 |       |       |       ||     4
       Scale mail        |       |       |    33 |       ||    33
       Chain mail        |       |       |    36 |       ||    36
       Troll leather arm |       |       |    36 |    32 ||    68
Dodge: Dodged            |    70 |    49 |   102 |    41 ||   262

Table legend:
 A = Non-vault XP
 B = Vault XP
 C = Vault XP percentage of total XP
 D = Non-vault monster count
 E = Vault monster count
 F = Vault count percentage of total count
                 A         B        C        D         E       F
            +---------+---------+-------+---------+---------+-------
      Total |    6411 |     353 |   5.2 |     157 |       2 |   1.3
            +---------+---------+-------+---------+---------+-------
        D:1 |      28 |       0 |   0.0 |      16 |       0 |   0.0
        D:2 |      25 |       0 |   0.0 |       7 |       0 |   0.0
        D:3 |      91 |       0 |   0.0 |      29 |       0 |   0.0
        D:4 |     175 |       0 |   0.0 |       7 |       0 |   0.0
        D:5 |     417 |       0 |   0.0 |      11 |       0 |   0.0
        D:6 |     834 |       3 |   0.4 |      18 |       1 |   5.3
        D:7 |    1239 |       0 |   0.0 |      19 |       0 |   0.0
        D:8 |    1529 |       0 |   0.0 |      20 |       0 |   0.0
        D:9 |    2073 |     350 |  14.4 |      30 |       1 |   3.2
            +---------+---------+-------+---------+---------+-------
